 Dungeon Crawl Stone Soup version 0.25-a0-251-g572059c536 (webtiles) character file.

Game seed: 10750306661094167111, levelgen mode: deterministic

34 MisterFreud the Ruffian (level 3, -7/36 HPs)
             Began as a Troll Monk on Dec 4, 2019.
             Engulfed by a cloud of flame (17 damage)
             ... on level 1 of the Dungeon.
             The game lasted 00:01:23 (309 turns).

MisterFreud the Ruffian (Troll Monk)                 Turns: 309, Time: 00:01:25

Health: -7/36      AC:  6    Str: 19    XL:     3   Next: 14%
Magic:  2/2        EV: 10    Int:  6    God:
Gold:   27         SH:  0    Dex: 13    Spells: 2/2 levels left

rFire    . . .     SeeInvis .     - Unarmed
rCold    . . .     Gourm    +   (no shield)
rNeg     . . .     Faith    .   a - +0 robe
rPois    .         Spirit   .   (helmet restricted)
rElec    .         Reflect  .   (no cloak)
rCorr    +         Harm     .   (gloves unavailable)
MR       .....                  (boots unavailable)
Stlth    ++........             (no amulet)
HPRegen  0.52/turn              h - ring of resist corrosion
MPRegen  0.08/turn              (no ring)

@: no status effects
A: large, unfitting armour, claws 3, fast metabolism 3, gourmand, regeneration
1, shaggy fur 1, tough skin 3
a: no special abilities


You were on level 1 of the Dungeon.
You were very full.

You visited 1 branch of the dungeon, and saw 1 of its levels.

You collected 27 gold pieces.

Inventory:

Armour
 a - a +0 robe (worn)
Jewellery
 h - a ring of resist corrosion (left claw)
Potions
 c - a potion of curing {unknown}
 d - a potion of haste {unknown}
 e - a potion of berserk rage {unknown}
 g - a potion of flight {unknown}
Comestibles
 b - 2 rations


   Skills:
 - Level 2.4 Fighting
 - Level 2.4 Dodging
 - Level 1.0 Stealth
 + Level 4.3 Unarmed Combat


You had 2 spell levels left.
You didn't know any spells.
Your spell library was empty.

Dungeon Overview and Level Annotations

Branches:
Dungeon (1/15)

Altars:


Innate Abilities, Weirdness & Mutations

You are too large for most types of armour.
You have claws for hands.
Your metabolism is lightning-fast.
You like to eat raw meat.
Your natural rate of healing is unusually fast.
You are covered in fur. (AC +1)
You have extremely tough skin. (AC +3)


Message History

The creatures around you are filled with an inner flame!
It was a scroll of immolation.
A dart slug comes into view.
You barely miss the goblin. The goblin hits you but does no damage.
You claw the goblin!
You kill the goblin!
As you read the scroll labeled SYLESU WIXTI, it crumbles to dust.
You feel blessed for a moment.
It was a scroll of remove curse.
The bat is too close now for your liking.
A bat is nearby!
The bat closely misses you. The bat closely misses you.
The bat hits you but does no damage. x2
You claw the bat!
The bat explodes!
The fiery explosion engulfs the bat!!
The bat explodes!
The fiery explosion engulfs you! x2
* * * LOW HITPOINT WARNING * * *
You are engulfed in blazing flames.
You die...

#...####.....#.##.###............
#..............##...#............
÷..#.###.......##.#.#............
##.#.# #.#......#.#.#)...........
#..... #.#..###.#.#.##...........
....##.#....###...#..............
....# .###.........###...........
##### # ###.......# #...........
#....§§@§.# #...........
#....§.§§.# #...........
.....§§§§.# ############
##........# #...w....# ##.......#
#.......# #.......#


You could see a dart slug.

Vanquished Creatures
  A gnoll (D:1)
  A leopard gecko (D:1)
  2 goblins (D:1)
  3 hobgoblins (D:1)
  3 jackals (D:1)
  2 kobolds (D:1)
  6 bats (D:1)
  A frilled lizard (D:1)
  4 rats (D:1)
23 creatures vanquished.

Notes
Turn   | Place    | Note
-------+----------+-------------------------------------------
     0 | D:1      | MisterFreud the Troll Monk began the quest for the Orb.
     0 | D:1      | Reached XP level 1. HP: 22/22 MP: 0/0
    11 | D:1      | Reached XP level 2. HP: 29/29 MP: 1/1
   178 | D:1      | Reached skill level 4 in Unarmed Combat
   251 | D:1      | Reached XP level 3. HP: 32/36 MP: 2/2
   309 | D:1      | Engulfed by a cloud of flame

Levels and vault maps discovered:
D:1:      scummos_arrival_simple_crosswalls, layout_basic

Skill      XL: |  1  2 |
---------------+-------+-----
Unarmed Combat | 4 |  4.3
Fighting       | |  2.4
Dodging        | |  2.4
Stealth        | |  1.0

Action                   || total
-------------------------++-------
Melee: Unarmed           ||    59
       Punch             ||     1
  Use: Scroll            ||     2
 Stab: Sleeping          ||     1
  Eat: Chunk             ||     6
Armor: Robe              ||    39
Dodge: Dodged            ||    40

Table legend:
 A = Non-vault XP
 B = Vault XP
 C = Vault XP percentage of total XP
 D = Non-vault monster count
 E = Vault monster count
 F = Vault count percentage of total count
                 A         B        C        D         E       F
            +---------+---------+-------+---------+---------+-------
      Total |      49 |       0 |   0.0 |      23 |       0 |   0.0
            +---------+---------+-------+---------+---------+-------
        D:1 |      49 |       0 |   0.0 |      23 |       0 |   0.0
            +---------+---------+-------+---------+---------+-------
